AoeStats
← Governor

Four Lakes

510264868Analyzed
1v1 RM · 1d ago on Sep 30, 2026· 21m 14s· 2 players
Game mode
Random Map
Map size
Tiny (2 player)
Population
200
Speed
Normal
Resources
Standard
Victory
Conquest
Starting age
Dark Age
Ending age
Imperial Age
RankedLock teamsTeams togetherTeam positionsShared explorationLock speedFull tech treeHidden civsTurbo modeCheats
Victory
Defeat
🇫🇷 Portuguese · France
268
+20
🇨🇳 Vikings · China
362
-20
willpol56
12:27 Feudal Age
12:31 Loom
15:20 Wheelbarrow
20:39 Castle Age
19:11 Forging
21:08 Crossbowman
Governor
8:55 Loom
10:50 Feudal Age
11:58 Double-Bit Axe
13:25 Scale Mail Armor
23:08 Castle Age
Connection lost

Rejoining the realm…

Still unreachable

The connection could not be restored.

Session expired

The server has moved on; the page needs a fresh start.